[ AOE2 MATCH · #481090299 ]
Team RMSaracens vs Franks
[ REPLAY ANALYSIS · EXTRACTED FROM THE RECORDED GAME ]
Feudal
11:39
Castle
15:16
Imperial
29:01
| APM avg | 23.6 |
| APM peak | 53 |
| eAPM avg | 16.5 |
| Villagers / military | 147 / 232 |
Focus
⚔️ 28.5% · 🌾 71.5%
Camel Scout ×147 · Cavalry Archer ×67 · Trebuchet (Packed) ×14 · Knight ×3 · Spearman ×1
Feudal
12:34
Castle
16:30
Imperial
32:03
| APM avg | 17.9 |
| APM peak | 38 |
| eAPM avg | 11.9 |
| Villagers / military | 152 / 119 |
Focus
⚔️ 21.6% · 🌾 78.4%
Knight ×115 · Monk ×2 · Petard ×2
Feudal
10:16
Castle
16:46
Imperial
31:47
| APM avg | 18.3 |
| APM peak | 50 |
| eAPM avg | 10.7 |
| Villagers / military | 149 / 280 |
Focus
⚔️ 25.8% · 🌾 74.2%
Spearman ×135 · Tarkan ×116 · Knight ×27 · Monk ×2
Feudal
11:14
Castle
15:28
Imperial
30:45
| APM avg | 16.7 |
| APM peak | 57 |
| eAPM avg | 13.0 |
| Villagers / military | 148 / 130 |
Focus
⚔️ 34.2% · 🌾 65.8%
Archer ×85 · Knight ×38 · Mangonel ×3 · Skirmisher ×3 · Spearman ×1
Feudal
11:11
Castle
15:11
Imperial
33:51
| APM avg | 26.9 |
| APM peak | 53 |
| eAPM avg | 15.6 |
| Villagers / military | 124 / 114 |
Focus
⚔️ 28.6% · 🌾 71.4%
Hussite Wagon ×79 · Trebuchet (Packed) ×22 · Battering Ram ×12 · Monk ×1
Feudal
10:03
Castle
17:22
Imperial
30:00
| APM avg | 37.9 |
| APM peak | 99 |
| eAPM avg | 30.9 |
| Villagers / military | 148 / 399 |
Focus
⚔️ 40.2% · 🌾 59.8%
Spearman ×368 · Cataphract ×22 · Bombard Cannon ×5 · Trebuchet (Packed) ×3 · Scorpion ×1
Feudal
11:32
Castle
15:40
Imperial
28:54
| APM avg | 30.7 |
| APM peak | 88 |
| eAPM avg | 16.6 |
| Villagers / military | 159 / 80 |
Focus
⚔️ 25.4% · 🌾 74.6%
Unknown (1920) ×95 · Cavalry Archer ×78 · Monk ×2
Feudal
10:25
Castle
15:38
Imperial
30:59
| APM avg | 14.8 |
| APM peak | 61 |
| eAPM avg | 8.0 |
| Villagers / military | 73 / 22 |
Focus
⚔️ 18.6% · 🌾 81.4%
Knight ×20 · Throwing Axeman ×2
Match map
Initial resources + every placement click. Lines = walls · curves = elevation contours. ◆ gold · ⬟ stone · ● berries · ✦ relic · ◌ wall gap
Your base· ✓ Closed at 15:16 · 0t walls · 2 gate(s)
SilverWolf's base· ✓ Closed at 16:30 · 0t walls · 2 gate(s)
lorenz.pagliari's base· ✓ Closed at 16:46 · 0t walls · 2 gate(s)
OracleCal's base· ✓ Closed at 15:28 · 0t walls · 2 gate(s)
Tachiwamaru's base· ✓ Closed at 15:11 · 0t walls · 2 gate(s)
Gin's base· ✓ Closed at 17:22 · 0t walls · 2 gate(s)
东方臣's base· ✓ Closed at 15:40 · 0t walls · 2 gate(s)
berpite7's base· ✓ Closed at 15:38 · 0t walls · 2 gate(s)
Smoothed initial terrain · ◌ = detected wall gap · hover for details
Inputs per minute
— FourKings - - SilverWolf
Build order — FourKings
First 150 of 450 actions detected
| 0:00 | Create | Villager (Male) |
| 0:01 | Create | Villager (Male) |
| 0:01 | Create | Villager (Male) |
| 0:02 | Create | Villager (Male) |
| 0:02 | Create | Villager (Male) |
| 0:03 | Build | House |
| 0:05 | Build | House |
| 1:27 | Create | Villager (Male) |
| 1:46 | Build | Lumber Camp |
| 2:02 | Create | Villager (Male) |
| 2:23 | Create | Villager (Male) |
| 2:52 | Create | Villager (Male) |
| 3:17 | Create | Villager (Male) |
| 3:40 | Create | Villager (Male) |
| 3:55 | Build | House |
| 3:57 | Build | House |
| 4:08 | Create | Villager (Male) |
| 4:15 | Build | Mill |
| 4:30 | Create | Villager (Male) |
| 4:46 | Create | Villager (Male) |
| 4:47 | Create | Villager (Male) |
| 5:20 | Create | Villager (Male) |
| 5:35 | Create | Villager (Male) |
| 5:46 | Build | Mill |
| 5:55 | Create | Villager (Male) |
| 6:41 | Create | Villager (Male) |
| 7:10 | Create | Villager (Male) |
| 7:10 | Create | Villager (Male) |
| 7:10 | Create | Villager (Male) |
| 7:45 | Build | Lumber Camp |
| 7:50 | Create | Villager (Male) |
| 8:09 | Build | Farm |
| 8:12 | Build | Farm |
| 8:27 | Create | Villager (Male) |
| 8:31 | Build | House |
| 9:04 | Build | Mining Camp |
| 9:26 | Create | Villager (Male) |
| 9:29 | Research | Feudal Age |
| 9:44 | Build | Farm |
| 9:59 | Create | Villager (Male) |
| 9:59 | Create | Villager (Male) |
| 11:39 | Age | Feudal Age |
| 11:42 | Build | Market |
| 11:45 | Build | Blacksmith |
| 12:36 | Research | Castle Age |
| 12:41 | Research | Horse Collar |
| 12:47 | Build | Farm |
| 12:53 | Build | Farm |
| 12:57 | Research | Double-Bit Axe |
| 13:05 | Build | Farm |
| 13:31 | Build | House |
| 13:34 | Build | House |
| 14:59 | Build | House |
| 15:16 | Age | Castle Age |
| 15:20 | Build | Town Center |
| 15:28 | Build | Town Center |
| 15:34 | Create | Villager (Male) |
| 15:36 | Research | Wheelbarrow |
| 15:41 | Build | House |
| 15:52 | Research | Bow Saw |
| 16:08 | Create | Villager (Male) |
| 16:11 | Create | Villager (Male) |
| 16:25 | Build | House |
| 16:37 | Create | Villager (Male) |
| 16:58 | Create | Villager (Male) |
| 17:13 | Build | Town Center |
| 17:15 | Create | Villager (Male) |
| 17:22 | Create | Villager (Male) |
| 17:34 | Build | Farm |
| 17:35 | Create | Villager (Male) |
| 17:39 | Create | Villager (Male) |
| 17:47 | Build | Farm |
| 17:49 | Build | Farm |
| 17:49 | Create | Villager (Male) |
| 18:02 | Create | Villager (Male) |
| 18:07 | Build | Farm |
| 18:09 | Build | Farm |
| 18:10 | Create | Villager (Male) |
| 18:12 | Create | Villager (Male) |
| 18:20 | Create | Villager (Male) |
| 18:41 | Build | Farm |
| 18:41 | Create | Villager (Male) |
| 18:47 | Build | Farm |
| 18:49 | Create | Villager (Male) |
| 18:50 | Create | Villager (Male) |
| 18:55 | Build | Farm |
| 18:56 | Create | Villager (Male) |
| 19:00 | Build | Farm |
| 19:01 | Create | Villager (Male) |
| 19:13 | Create | Villager (Male) |
| 19:17 | Build | Farm |
| 19:22 | Build | Farm |
| 19:23 | Create | Villager (Male) |
| 19:30 | Build | Farm |
| 19:33 | Create | Villager (Male) |
| 19:37 | Build | Farm |
| 19:41 | Create | Villager (Male) |
| 19:44 | Build | Farm |
| 19:48 | Create | Villager (Male) |
| 19:56 | Create | Villager (Male) |
| 20:04 | Build | Farm |
| 20:05 | Create | Villager (Male) |
| 20:13 | Create | Villager (Male) |
| 20:14 | Create | Villager (Male) |
| 20:18 | Build | Farm |
| 20:22 | Create | Villager (Male) |
| 20:26 | Build | House |
| 20:27 | Build | House |
| 20:29 | Create | Villager (Male) |
| 20:35 | Create | Villager (Male) |
| 20:36 | Create | Villager (Male) |
| 20:43 | Build | Farm |
| 20:47 | Build | Farm |
| 20:47 | Create | Villager (Male) |
| 20:52 | Build | Farm |
| 20:52 | Create | Villager (Male) |
| 20:56 | Build | Farm |
| 20:56 | Create | Villager (Male) |
| 21:01 | Build | Monastery |
| 21:03 | Create | Villager (Male) |
| 21:07 | Create | Villager (Male) |
| 21:14 | Build | Farm |
| 21:16 | Build | Farm |
| 21:16 | Create | Villager (Male) |
| 21:20 | Create | Villager (Male) |
| 21:27 | Create | Villager (Male) |
| 21:31 | Build | University |
| 21:32 | Create | Villager (Male) |
| 21:39 | Create | Villager (Male) |
| 21:46 | Create | Villager (Male) |
| 21:53 | Build | Farm |
| 21:59 | Build | Farm |
| 21:59 | Create | Villager (Male) |
| 22:00 | Create | Villager (Male) |
| 22:06 | Build | Farm |
| 22:10 | Build | Farm |
| 22:10 | Create | Villager (Male) |
| 22:11 | Create | Villager (Male) |
| 22:12 | Create | Villager (Male) |
| 22:13 | Create | Villager (Male) |
| 22:27 | Create | Villager (Male) |
| 22:36 | Build | Farm |
| 22:37 | Build | Farm |
| 22:41 | Build | House |
| 22:41 | Build | House |
| 22:41 | Build | House |
| 22:42 | Build | House |
| 22:42 | Build | House |
| 22:42 | Build | House |
| 22:44 | Build | House |
Build order — SilverWolf
First 150 of 364 actions detected
| 0:03 | Create | Villager (Male) |
| 0:04 | Create | Villager (Male) |
| 0:04 | Create | Villager (Male) |
| 0:04 | Create | Villager (Male) |
| 0:08 | Build | House |
| 0:12 | Build | House |
| 1:43 | Create | Villager (Male) |
| 1:43 | Create | Villager (Male) |
| 1:55 | Build | Lumber Camp |
| 2:12 | Create | Villager (Male) |
| 2:12 | Create | Villager (Male) |
| 2:23 | Create | Villager (Male) |
| 2:52 | Create | Villager (Male) |
| 3:13 | Create | Villager (Male) |
| 3:40 | Build | House |
| 4:11 | Create | Villager (Male) |
| 4:11 | Create | Villager (Male) |
| 4:11 | Create | Villager (Male) |
| 5:10 | Build | Mill |
| 5:24 | Create | Villager (Male) |
| 5:24 | Create | Villager (Male) |
| 5:56 | Create | Villager (Male) |
| 5:56 | Create | Villager (Male) |
| 5:56 | Create | Villager (Male) |
| 6:28 | Create | Villager (Male) |
| 6:28 | Create | Villager (Male) |
| 6:29 | Create | Villager (Male) |
| 6:51 | Build | Mining Camp |
| 7:22 | Build | House |
| 7:37 | Create | Villager (Male) |
| 7:37 | Create | Villager (Male) |
| 8:28 | Create | Villager (Male) |
| 8:29 | Create | Villager (Male) |
| 8:42 | Build | Mill |
| 9:17 | Create | Villager (Male) |
| 9:17 | Create | Villager (Male) |
| 10:06 | Build | Farm |
| 10:07 | Build | Farm |
| 10:12 | Research | Feudal Age |
| 11:07 | Build | Farm |
| 11:40 | Build | Farm |
| 12:28 | Create | Villager (Male) |
| 12:29 | Create | Villager (Male) |
| 12:29 | Create | Villager (Male) |
| 12:34 | Age | Feudal Age |
| 12:41 | Build | Market |
| 12:48 | Build | Blacksmith |
| 13:44 | Research | Castle Age |
| 13:58 | Build | House |
| 14:02 | Research | Double-Bit Axe |
| 14:14 | Build | Farm |
| 14:16 | Build | Farm |
| 14:20 | Research | Horse Collar |
| 14:41 | Build | House |
| 14:42 | Build | House |
| 14:47 | Research | Stone Mining |
| 16:05 | Build | House |
| 16:06 | Build | House |
| 16:20 | Build | Farm |
| 16:22 | Build | Farm |
| 16:23 | Build | Farm |
| 16:30 | Age | Castle Age |
| 16:37 | Build | Town Center |
| 16:42 | Create | Villager (Male) |
| 16:42 | Create | Villager (Male) |
| 16:43 | Create | Villager (Male) |
| 17:23 | Build | Monastery |
| 17:49 | Create | Villager (Male) |
| 17:50 | Create | Villager (Male) |
| 18:12 | Research | Wheelbarrow |
| 18:15 | Create | Villager (Male) |
| 18:15 | Create | Villager (Male) |
| 18:16 | Create | Villager (Male) |
| 18:16 | Create | Villager (Male) |
| 18:23 | Build | House |
| 18:23 | Build | House |
| 18:27 | Create | Monk |
| 18:54 | Create | Villager (Male) |
| 18:54 | Create | Villager (Male) |
| 18:54 | Create | Villager (Male) |
| 19:05 | Build | Town Center |
| 19:10 | Create | Villager (Male) |
| 19:10 | Create | Villager (Male) |
| 19:11 | Create | Villager (Male) |
| 19:11 | Create | Villager (Male) |
| 19:11 | Create | Villager (Male) |
| 19:32 | Build | House |
| 19:33 | Build | House |
| 19:36 | Create | Villager (Male) |
| 19:54 | Build | Mill |
| 20:04 | Create | Monk |
| 20:18 | Create | Villager (Male) |
| 20:18 | Create | Villager (Male) |
| 20:19 | Create | Villager (Male) |
| 20:19 | Create | Villager (Male) |
| 20:19 | Create | Villager (Male) |
| 20:27 | Build | Farm |
| 20:28 | Build | Farm |
| 20:29 | Build | Farm |
| 20:30 | Build | Farm |
| 20:31 | Build | Farm |
| 20:47 | Build | Farm |
| 20:48 | Build | Farm |
| 20:51 | Build | Farm |
| 21:03 | Build | Farm |
| 21:12 | Build | House |
| 21:13 | Build | House |
| 21:15 | Create | Villager (Male) |
| 21:15 | Create | Villager (Male) |
| 21:15 | Create | Villager (Male) |
| 21:15 | Create | Villager (Male) |
| 21:16 | Create | Villager (Male) |
| 21:16 | Create | Villager (Male) |
| 21:33 | Create | Villager (Male) |
| 21:33 | Create | Villager (Male) |
| 21:33 | Create | Villager (Male) |
| 21:33 | Create | Villager (Male) |
| 21:48 | Build | Farm |
| 21:50 | Build | Farm |
| 21:51 | Build | Farm |
| 21:58 | Create | Villager (Male) |
| 21:58 | Create | Villager (Male) |
| 21:58 | Create | Villager (Male) |
| 21:58 | Create | Villager (Male) |
| 21:59 | Create | Villager (Male) |
| 22:16 | Create | Villager (Male) |
| 22:16 | Create | Villager (Male) |
| 22:24 | Build | Farm |
| 22:25 | Build | Farm |
| 22:26 | Build | Farm |
| 22:27 | Build | Farm |
| 22:40 | Build | Farm |
| 22:42 | Research | Heavy Plow |
| 22:44 | Create | Villager (Male) |
| 22:44 | Create | Villager (Male) |
| 22:56 | Create | Villager (Male) |
| 22:56 | Create | Villager (Male) |
| 23:04 | Build | House |
| 23:05 | Build | House |
| 23:06 | Build | House |
| 23:12 | Create | Villager (Male) |
| 23:12 | Create | Villager (Male) |
| 23:12 | Create | Villager (Male) |
| 23:13 | Create | Villager (Male) |
| 23:34 | Research | Gold Mining |
| 23:36 | Create | Villager (Male) |
| 23:36 | Create | Villager (Male) |
| 23:36 | Create | Villager (Male) |
| 23:36 | Create | Villager (Male) |
| 23:50 | Build | Mill |
Build order — lorenz.pagliari
First 150 of 237 actions detected
| 0:07 | Create | Villager (Male) ×4 |
| 0:08 | Create | Villager (Male) ×4 |
| 0:08 | Create | Villager (Male) ×4 |
| 1:19 | Create | Villager (Male) |
| 1:57 | Create | Villager (Male) |
| 2:13 | Create | Villager (Male) |
| 2:14 | Create | Villager (Male) |
| 2:39 | Create | Villager (Male) |
| 3:09 | Create | Villager (Male) |
| 3:09 | Create | Villager (Male) |
| 3:42 | Create | Villager (Male) |
| 4:21 | Create | Villager (Male) ×5 |
| 5:17 | Build | Lumber Camp |
| 5:33 | Create | Villager (Male) |
| 6:02 | Create | Villager (Male) |
| 6:02 | Create | Villager (Male) |
| 6:02 | Create | Villager (Male) |
| 6:03 | Create | Villager (Male) |
| 6:03 | Create | Villager (Male) |
| 6:45 | Build | Mill |
| 7:52 | Research | Feudal Age |
| 9:00 | Create | Villager (Male) ×3 |
| 10:16 | Age | Feudal Age |
| 10:56 | Build | Market |
| 10:59 | Build | Blacksmith |
| 11:10 | Build | Mining Camp |
| 11:18 | Create | Villager (Male) |
| 11:33 | Create | Villager (Male) |
| 11:35 | Create | Villager (Male) |
| 11:58 | Create | Villager (Male) |
| 13:16 | Create | Villager (Male) |
| 13:16 | Create | Villager (Male) |
| 14:01 | Research | Castle Age |
| 14:01 | Research | Castle Age |
| 14:31 | Research | Horse Collar |
| 14:53 | Build | Farm |
| 14:54 | Build | Farm |
| 14:54 | Build | Farm |
| 14:54 | Build | Farm |
| 14:54 | Build | Farm |
| 14:55 | Build | Farm |
| 14:55 | Build | Farm |
| 14:55 | Build | Farm |
| 14:56 | Build | Farm |
| 14:57 | Build | Farm |
| 14:57 | Build | Farm |
| 14:58 | Build | Farm |
| 14:58 | Build | Farm |
| 15:43 | Build | Farm |
| 15:48 | Build | Farm |
| 15:57 | Research | Double-Bit Axe |
| 16:34 | Create | Villager (Male) ×2 |
| 16:46 | Age | Castle Age |
| 16:56 | Build | Town Center |
| 17:05 | Create | Villager (Male) |
| 17:05 | Create | Villager (Male) |
| 17:05 | Create | Villager (Male) |
| 17:45 | Create | Villager (Male) ×3 |
| 18:17 | Build | Farm |
| 18:19 | Create | Villager (Male) ×3 |
| 18:19 | Create | Villager (Male) ×3 |
| 18:30 | Build | Farm |
| 18:32 | Build | Farm |
| 18:42 | Build | Town Center |
| 19:58 | Create | Villager (Male) ×5 |
| 20:08 | Research | Heavy Plow |
| 20:11 | Research | Bow Saw |
| 20:20 | Build | Farm |
| 20:30 | Build | Farm |
| 20:32 | Build | Farm |
| 20:33 | Build | Farm |
| 20:37 | Build | Farm |
| 20:54 | Create | Villager (Male) ×5 |
| 21:22 | Create | Villager (Male) ×3 |
| 21:45 | Build | Monastery |
| 21:59 | Build | Farm |
| 22:00 | Build | Farm |
| 22:03 | Build | Farm |
| 22:04 | Build | Farm |
| 22:13 | Create | Villager (Male) ×5 |
| 22:18 | Build | Town Center |
| 22:36 | Create | Villager (Male) ×5 |
| 22:39 | Create | Monk |
| 22:47 | Create | Monk |
| 22:53 | Create | Villager (Male) ×3 |
| 23:05 | Research | Gold Mining |
| 23:13 | Research | Stone Mining |
| 23:16 | Create | Villager (Male) |
| 23:23 | Build | Farm |
| 23:25 | Build | Farm |
| 23:26 | Build | Farm |
| 23:28 | Build | Farm |
| 23:39 | Build | Farm |
| 23:45 | Build | Farm |
| 23:46 | Build | Farm |
| 23:47 | Build | Farm |
| 23:48 | Build | Farm |
| 23:49 | Build | Farm |
| 23:50 | Build | Farm |
| 23:56 | Create | Villager (Male) ×5 |
| 23:56 | Create | Villager (Male) |
| 24:55 | Research | Wheelbarrow |
| 24:56 | Create | Villager (Male) ×5 |
| 24:57 | Create | Villager (Male) ×3 |
| 25:09 | Build | Farm |
| 25:11 | Build | Farm |
| 25:14 | Build | Farm |
| 25:15 | Build | Farm |
| 25:16 | Build | Farm |
| 25:18 | Build | Farm |
| 25:51 | Create | Villager (Male) ×5 |
| 25:53 | Create | Villager (Male) ×5 |
| 26:03 | Build | Barracks |
| 26:27 | Build | Farm |
| 26:29 | Build | Farm |
| 26:30 | Build | Farm |
| 26:31 | Build | Farm |
| 26:32 | Build | Farm |
| 26:34 | Build | Farm |
| 26:37 | Research | Hand Cart |
| 26:40 | Create | Villager (Male) ×5 |
| 27:15 | Build | Siege Workshop |
| 27:19 | Create | Villager (Male) ×5 |
| 27:22 | Create | Villager (Male) ×5 |
| 27:33 | Research | Gold Shaft Mining |
| 27:42 | Build | Farm |
| 27:44 | Build | Farm |
| 27:45 | Build | Farm |
| 27:46 | Build | Farm |
| 27:47 | Build | Farm |
| 27:49 | Build | Farm |
| 27:54 | Create | Villager (Male) ×5 |
| 28:04 | Build | Stable |
| 28:06 | Build | Stable |
| 28:09 | Build | Stable |
| 28:36 | Research | Imperial Age |
| 28:42 | Create | Villager (Male) |
| 28:43 | Create | Villager (Male) |
| 28:43 | Create | Villager (Male) |
| 28:49 | Create | Villager (Male) |
| 28:49 | Create | Villager (Male) |
| 28:49 | Create | Villager (Male) |
| 28:50 | Create | Villager (Male) |
| 28:53 | Create | Villager (Male) |
| 28:54 | Create | Villager (Male) |
| 28:54 | Create | Villager (Male) |
| 28:54 | Create | Villager (Male) |
| 28:54 | Create | Villager (Male) |
| 29:19 | Build | Lumber Camp |
| 29:40 | Create | Villager (Male) |
Build order — OracleCal
First 150 of 408 actions detected
| 0:02 | Create | Villager (Male) |
| 0:02 | Create | Villager (Male) |
| 0:03 | Create | Villager (Male) |
| 0:03 | Create | Villager (Male) |
| 0:03 | Create | Villager (Male) |
| 0:03 | Create | Villager (Male) |
| 0:05 | Build | House |
| 0:07 | Build | House |
| 1:47 | Build | Lumber Camp |
| 1:48 | Create | Villager (Male) |
| 1:49 | Create | Villager (Male) |
| 1:49 | Create | Villager (Male) |
| 2:34 | Create | Villager (Male) |
| 2:34 | Create | Villager (Male) |
| 2:35 | Create | Villager (Male) |
| 2:35 | Create | Villager (Male) |
| 3:06 | Create | Villager (Male) |
| 3:06 | Create | Villager (Male) |
| 3:22 | Create | Villager (Male) |
| 3:23 | Create | Villager (Male) |
| 3:27 | Build | House |
| 3:47 | Create | Villager (Male) |
| 3:47 | Create | Villager (Male) |
| 4:16 | Create | Villager (Male) |
| 4:16 | Create | Villager (Male) |
| 5:06 | Create | Villager (Male) |
| 5:06 | Create | Villager (Male) |
| 5:28 | Create | Villager (Male) |
| 5:28 | Create | Villager (Male) |
| 5:34 | Build | Mill |
| 5:42 | Build | House |
| 5:45 | Create | Villager (Male) |
| 5:46 | Create | Villager (Male) |
| 5:47 | Create | Villager (Male) |
| 6:02 | Create | Villager (Male) |
| 6:02 | Create | Villager (Male) |
| 6:22 | Create | Villager (Male) |
| 6:23 | Create | Villager (Male) |
| 6:46 | Create | Villager (Male) |
| 6:46 | Create | Villager (Male) |
| 6:47 | Create | Villager (Male) |
| 7:13 | Create | Villager (Male) |
| 7:35 | Build | Mining Camp |
| 8:08 | Create | Villager (Male) |
| 8:21 | Build | House |
| 8:40 | Build | Mill |
| 8:50 | Research | Feudal Age |
| 9:10 | Build | Farm |
| 9:11 | Build | Farm |
| 9:18 | Build | Farm |
| 9:21 | Build | Farm |
| 9:24 | Build | Farm |
| 9:41 | Create | Villager (Male) |
| 9:42 | Create | Villager (Male) |
| 10:00 | Build | Mining Camp |
| 11:14 | Age | Feudal Age |
| 11:24 | Create | Villager (Male) |
| 11:34 | Build | Market |
| 11:48 | Create | Villager (Male) |
| 11:55 | Build | Blacksmith |
| 12:03 | Create | Villager (Male) |
| 12:45 | Build | House |
| 12:51 | Create | Villager (Male) |
| 13:02 | Research | Castle Age |
| 13:29 | Build | Barracks |
| 13:52 | Research | Double-Bit Axe |
| 13:55 | Research | Horse Collar |
| 14:22 | Build | House |
| 14:23 | Build | House |
| 14:37 | Create | Villager (Male) |
| 14:38 | Create | Villager (Male) |
| 14:40 | Create | Villager (Male) |
| 14:54 | Build | Farm |
| 14:55 | Build | Farm |
| 15:05 | Create | Spearman |
| 15:28 | Age | Castle Age |
| 15:31 | Create | Villager (Male) |
| 15:44 | Build | Siege Workshop |
| 16:27 | Build | Town Center |
| 16:36 | Build | House |
| 16:42 | Create | Villager (Male) |
| 16:43 | Create | Villager (Male) |
| 17:00 | Build | Farm |
| 17:26 | Build | House |
| 17:31 | Create | Villager (Male) |
| 17:35 | Research | Bow Saw |
| 18:08 | Build | Town Center |
| 18:12 | Create | Villager (Male) |
| 18:13 | Create | Villager (Male) |
| 18:18 | Research | Wheelbarrow |
| 18:18 | Create | Villager (Male) |
| 18:18 | Create | Villager (Male) |
| 18:19 | Create | Villager (Male) |
| 18:19 | Create | Villager (Male) |
| 18:42 | Create | Mangonel |
| 18:42 | Create | Mangonel |
| 18:50 | Build | Farm |
| 18:58 | Create | Villager (Male) |
| 18:59 | Create | Villager (Male) |
| 19:06 | Build | Farm |
| 19:16 | Create | Villager (Male) |
| 19:16 | Create | Villager (Male) |
| 19:25 | Build | Farm |
| 19:37 | Build | Farm |
| 19:44 | Build | Farm |
| 19:47 | Create | Villager (Male) |
| 19:50 | Create | Villager (Male) |
| 19:50 | Create | Villager (Male) |
| 20:12 | Build | Castle |
| 20:16 | Create | Villager (Male) |
| 20:17 | Create | Villager (Male) |
| 20:21 | Build | Farm |
| 20:24 | Build | Farm |
| 20:29 | Create | Villager (Male) |
| 20:30 | Create | Villager (Male) |
| 20:34 | Build | Farm |
| 20:36 | Build | Farm |
| 20:38 | Create | Villager (Male) |
| 20:38 | Create | Villager (Male) |
| 20:46 | Build | Farm |
| 20:56 | Build | Archery Range |
| 20:58 | Create | Villager (Male) |
| 20:58 | Create | Villager (Male) |
| 21:06 | Build | Farm |
| 21:07 | Create | Villager (Male) |
| 21:21 | Build | House |
| 21:22 | Build | House |
| 21:23 | Build | House |
| 21:24 | Build | House |
| 21:25 | Build | House |
| 21:27 | Create | Villager (Male) |
| 21:28 | Create | Villager (Male) |
| 21:28 | Create | Villager (Male) |
| 21:29 | Create | Villager (Male) |
| 21:39 | Create | Villager (Male) |
| 21:40 | Create | Villager (Male) |
| 21:55 | Build | Town Center |
| 21:56 | Create | Villager (Male) |
| 21:56 | Create | Villager (Male) |
| 21:56 | Create | Villager (Male) |
| 22:04 | Build | Farm |
| 22:06 | Build | Farm |
| 22:11 | Build | Farm |
| 22:14 | Create | Villager (Male) |
| 22:14 | Create | Villager (Male) |
| 22:15 | Create | Villager (Male) |
| 22:24 | Create | Villager (Male) |
| 22:24 | Create | Villager (Male) |
| 22:31 | Build | Farm |
| 22:33 | Build | Farm |
Build order — Tachiwamaru
First 150 of 353 actions detected
| 0:01 | Create | Villager (Male) |
| 0:02 | Create | Villager (Male) |
| 0:02 | Create | Villager (Male) |
| 0:03 | Build | House |
| 0:05 | Build | House |
| 0:41 | Create | Villager (Male) |
| 1:25 | Create | Villager (Male) |
| 1:25 | Create | Villager (Male) |
| 1:48 | Build | Lumber Camp |
| 2:09 | Create | Villager (Male) |
| 2:09 | Create | Villager (Male) |
| 2:14 | Create | Villager (Male) |
| 2:54 | Create | Villager (Male) |
| 3:04 | Create | Villager (Male) |
| 3:05 | Create | Villager (Male) |
| 3:15 | Build | House |
| 3:16 | Build | House |
| 3:40 | Create | Villager (Male) |
| 3:40 | Create | Villager (Male) |
| 4:02 | Create | Villager (Male) |
| 4:27 | Build | Mill |
| 4:32 | Create | Villager (Male) |
| 4:32 | Create | Villager (Male) |
| 4:52 | Create | Villager (Male) |
| 4:52 | Create | Villager (Male) |
| 5:32 | Create | Villager (Male) |
| 5:33 | Create | Villager (Male) |
| 5:41 | Create | Villager (Male) |
| 5:41 | Create | Villager (Male) |
| 6:51 | Create | Villager (Male) |
| 7:02 | Build | Mining Camp |
| 7:31 | Create | Villager (Male) |
| 8:10 | Build | Mining Camp |
| 8:11 | Create | Villager (Male) |
| 8:32 | Create | Villager (Male) |
| 8:38 | Research | Feudal Age |
| 9:07 | Build | House |
| 9:26 | Build | House |
| 10:24 | Create | Villager (Male) |
| 10:33 | Create | Villager (Male) |
| 10:56 | Build | Farm |
| 10:58 | Build | Farm |
| 11:03 | Build | Farm |
| 11:11 | Age | Feudal Age |
| 11:16 | Build | Blacksmith |
| 11:29 | Build | Market |
| 11:58 | Research | Loom |
| 12:05 | Build | Farm |
| 12:31 | Research | Castle Age |
| 12:31 | Research | Castle Age |
| 13:05 | Research | Double-Bit Axe |
| 13:38 | Research | Horse Collar |
| 14:03 | Build | House |
| 14:46 | Create | Villager (Male) |
| 15:11 | Age | Castle Age |
| 15:24 | Create | Villager (Male) |
| 15:43 | Build | Castle |
| 15:54 | Create | Villager (Male) |
| 16:11 | Build | Farm |
| 16:25 | Build | Siege Workshop |
| 16:35 | Build | Town Center |
| 16:44 | Create | Villager (Male) |
| 16:50 | Research | Bow Saw |
| 17:07 | Create | Villager (Male) |
| 17:15 | Research | Heavy Plow |
| 17:16 | Research | Heavy Plow |
| 17:42 | Build | Lumber Camp |
| 17:47 | Create | Villager (Male) |
| 17:51 | Create | Hussite Wagon |
| 17:58 | Create | Villager (Male) |
| 18:22 | Create | Hussite Wagon |
| 18:40 | Create | Villager (Male) |
| 18:52 | Build | Lumber Camp |
| 19:09 | Build | Monastery |
| 19:10 | Create | Villager (Male) |
| 19:19 | Create | Villager (Male) |
| 19:25 | Create | Hussite Wagon |
| 19:28 | Create | Villager (Male) |
| 19:52 | Create | Villager (Male) |
| 19:58 | Create | Villager (Male) |
| 20:08 | Build | Farm |
| 20:18 | Build | Farm |
| 20:18 | Build | Farm |
| 20:27 | Build | Farm |
| 20:29 | Create | Villager (Male) |
| 20:32 | Create | Hussite Wagon |
| 20:32 | Create | Hussite Wagon |
| 20:58 | Build | Farm |
| 20:59 | Build | Farm |
| 20:59 | Build | Farm |
| 21:10 | Build | Farm |
| 21:12 | Create | Villager (Male) |
| 21:19 | Build | Lumber Camp |
| 21:23 | Create | Villager (Male) |
| 21:25 | Create | Villager (Male) |
| 21:25 | Create | Villager (Male) |
| 21:48 | Create | Battering Ram |
| 21:56 | Create | Villager (Male) |
| 22:00 | Create | Monk |
| 22:05 | Create | Villager (Male) |
| 22:05 | Create | Villager (Male) |
| 22:24 | Create | Villager (Male) |
| 22:25 | Create | Villager (Male) |
| 22:33 | Build | Farm |
| 22:34 | Create | Hussite Wagon |
| 22:34 | Create | Hussite Wagon |
| 22:44 | Create | Battering Ram |
| 22:56 | Create | Hussite Wagon |
| 23:12 | Create | Villager (Male) |
| 23:12 | Create | Villager (Male) |
| 23:19 | Build | House |
| 23:19 | Build | House |
| 23:19 | Build | House |
| 23:19 | Build | House |
| 23:20 | Build | House |
| 23:20 | Build | House |
| 23:21 | Build | House |
| 23:21 | Build | House |
| 23:28 | Research | Wheelbarrow |
| 23:41 | Build | House |
| 23:42 | Build | House |
| 23:42 | Build | House |
| 23:43 | Build | House |
| 23:43 | Build | House |
| 23:44 | Build | House |
| 23:49 | Create | Battering Ram |
| 23:53 | Create | Villager (Male) |
| 23:54 | Create | Villager (Male) |
| 24:07 | Create | Hussite Wagon |
| 24:08 | Create | Villager (Male) |
| 24:28 | Create | Battering Ram |
| 24:30 | Create | Villager (Male) |
| 24:30 | Create | Villager (Male) |
| 24:39 | Create | Hussite Wagon |
| 24:55 | Create | Villager (Male) |
| 24:58 | Create | Hussite Wagon |
| 25:10 | Create | Villager (Male) |
| 25:27 | Create | Hussite Wagon |
| 25:35 | Create | Villager (Male) |
| 25:35 | Create | Villager (Male) |
| 25:38 | Create | Battering Ram |
| 25:49 | Create | Villager (Male) |
| 25:50 | Create | Villager (Male) |
| 25:55 | Create | Hussite Wagon |
| 26:01 | Build | House |
| 26:01 | Build | House |
| 26:01 | Build | House |
| 26:01 | Build | House |
| 26:02 | Build | House |
| 26:02 | Build | House |
Build order — Gin
First 150 of 779 actions detected
| 0:01 | Create | Villager (Male) |
| 0:01 | Create | Villager (Male) |
| 0:01 | Create | Villager (Male) |
| 0:02 | Build | House |
| 0:04 | Build | House |
| 0:07 | Create | Villager (Male) |
| 0:07 | Create | Villager (Male) |
| 1:34 | Create | Villager (Male) |
| 2:05 | Create | Villager (Male) |
| 2:05 | Create | Villager (Male) |
| 2:05 | Create | Villager (Male) |
| 2:13 | Build | Lumber Camp |
| 2:59 | Create | Villager (Male) |
| 3:28 | Create | Villager (Male) |
| 3:28 | Create | Villager (Male) |
| 4:01 | Build | House |
| 4:02 | Create | Villager (Male) |
| 4:02 | Create | Villager (Male) |
| 4:16 | Create | Villager (Male) |
| 4:17 | Create | Villager (Male) |
| 4:31 | Build | Mill |
| 4:51 | Create | Villager (Male) |
| 4:51 | Create | Villager (Male) |
| 4:52 | Create | Villager (Male) |
| 5:35 | Create | Villager (Male) |
| 5:36 | Create | Villager (Male) |
| 5:46 | Build | House |
| 6:23 | Build | Mill |
| 6:26 | Create | Villager (Male) |
| 6:41 | Create | Villager (Male) |
| 7:00 | Create | Villager (Male) |
| 7:53 | Research | Feudal Age |
| 9:35 | Build | Mining Camp |
| 9:41 | Create | Villager (Male) |
| 9:43 | Create | Villager (Male) |
| 10:03 | Age | Feudal Age |
| 10:04 | Research | Double-Bit Axe |
| 10:04 | Research | Double-Bit Axe |
| 10:06 | Research | Horse Collar |
| 10:06 | Research | Horse Collar |
| 10:36 | Create | Villager (Male) |
| 10:58 | Build | Farm |
| 11:00 | Build | Farm |
| 11:04 | Build | Farm |
| 11:07 | Build | Farm |
| 11:17 | Build | Farm |
| 11:19 | Create | Villager (Male) |
| 11:20 | Create | Villager (Male) |
| 11:31 | Research | Wheelbarrow |
| 11:45 | Build | House |
| 11:47 | Build | House |
| 12:01 | Create | Villager (Male) |
| 12:01 | Create | Villager (Male) |
| 12:09 | Build | Farm |
| 12:12 | Build | Farm |
| 12:24 | Build | Farm |
| 12:56 | Build | Blacksmith |
| 13:30 | Create | Villager (Male) |
| 13:35 | Build | Market |
| 13:45 | Build | Farm |
| 14:00 | Create | Villager (Male) |
| 14:06 | Build | Farm |
| 14:42 | Research | Castle Age |
| 14:42 | Research | Castle Age |
| 14:47 | Build | House |
| 14:47 | Build | House |
| 15:09 | Build | Farm |
| 16:46 | Create | Villager (Male) |
| 16:46 | Create | Villager (Male) |
| 16:47 | Create | Villager (Male) |
| 17:22 | Age | Castle Age |
| 17:24 | Build | Town Center |
| 17:35 | Build | Town Center |
| 17:38 | Research | Bow Saw |
| 17:38 | Research | Bow Saw |
| 17:39 | Research | Heavy Plow |
| 17:40 | Research | Heavy Plow |
| 17:44 | Research | Hand Cart |
| 17:44 | Research | Hand Cart |
| 17:47 | Research | Loom |
| 18:06 | Create | Villager (Male) |
| 18:19 | Create | Villager (Male) |
| 18:21 | Create | Villager (Male) |
| 18:21 | Create | Villager (Male) |
| 18:28 | Create | Villager (Male) |
| 18:29 | Create | Villager (Male) |
| 18:54 | Create | Villager (Male) |
| 19:01 | Create | Villager (Male) |
| 19:06 | Build | Farm |
| 19:09 | Build | Farm |
| 19:13 | Build | Farm |
| 19:22 | Research | Stone Mining |
| 19:23 | Research | Gold Mining |
| 19:33 | Build | Farm |
| 19:35 | Create | Villager (Male) |
| 19:36 | Create | Villager (Male) |
| 19:52 | Create | Villager (Male) |
| 19:53 | Create | Villager (Male) |
| 19:59 | Build | Farm |
| 20:04 | Build | Farm |
| 20:05 | Create | Villager (Male) |
| 20:13 | Build | Farm |
| 20:18 | Create | Villager (Male) |
| 20:19 | Create | Villager (Male) |
| 20:21 | Create | Villager (Male) |
| 20:30 | Build | Farm |
| 20:49 | Build | Farm |
| 20:57 | Create | Villager (Male) |
| 20:59 | Build | Farm |
| 21:01 | Create | Villager (Male) |
| 21:25 | Build | Barracks |
| 21:34 | Build | House |
| 21:34 | Build | House |
| 21:35 | Build | House |
| 21:35 | Build | House |
| 21:38 | Research | Forging |
| 21:43 | Create | Villager (Male) |
| 21:44 | Create | Villager (Male) |
| 21:45 | Create | Villager (Male) |
| 21:47 | Create | Villager (Male) |
| 21:49 | Build | Farm |
| 21:52 | Build | Farm |
| 21:56 | Build | Farm |
| 22:00 | Create | Villager (Male) |
| 22:00 | Create | Villager (Male) |
| 22:00 | Create | Villager (Male) |
| 22:03 | Create | Villager (Male) |
| 22:03 | Create | Villager (Male) |
| 22:04 | Create | Villager (Male) |
| 22:15 | Build | House |
| 22:15 | Build | House |
| 22:15 | Build | House |
| 22:19 | Build | Farm |
| 22:40 | Build | Farm |
| 22:49 | Build | Farm |
| 22:51 | Create | Villager (Male) |
| 22:53 | Create | Villager (Male) |
| 23:11 | Build | Farm |
| 23:11 | Build | Farm |
| 23:14 | Create | Villager (Male) |
| 23:26 | Build | Farm |
| 23:26 | Build | Farm |
| 23:28 | Create | Villager (Male) |
| 23:40 | Build | Farm |
| 23:40 | Build | Farm |
| 23:49 | Build | Farm |
| 23:51 | Create | Villager (Male) |
| 23:51 | Create | Villager (Male) |
| 24:00 | Create | Villager (Male) |
| 24:02 | Create | Villager (Male) |
Build order — 东方臣
First 150 of 405 actions detected
| 0:02 | Create | Villager (Male) |
| 0:02 | Create | Villager (Male) |
| 0:03 | Create | Villager (Male) |
| 0:03 | Create | Villager (Male) |
| 0:03 | Create | Villager (Male) |
| 0:07 | Build | House |
| 0:10 | Build | House |
| 1:31 | Create | Villager (Male) |
| 1:31 | Create | Villager (Male) |
| 2:04 | Create | Villager (Male) |
| 2:04 | Create | Villager (Male) |
| 2:15 | Create | Villager (Male) |
| 2:15 | Create | Villager (Male) |
| 2:21 | Build | Lumber Camp |
| 2:59 | Create | Villager (Male) |
| 2:59 | Create | Villager (Male) |
| 3:15 | Create | Villager (Male) |
| 3:33 | Build | House |
| 3:46 | Build | House |
| 3:53 | Create | Villager (Male) |
| 3:53 | Create | Villager (Male) |
| 4:21 | Create | Villager (Male) |
| 4:22 | Create | Villager (Male) |
| 4:22 | Create | Villager (Male) |
| 4:39 | Create | Villager (Male) |
| 4:59 | Create | Villager (Male) |
| 5:00 | Create | Villager (Male) |
| 5:09 | Build | Mill |
| 5:37 | Create | Villager (Male) |
| 6:27 | Create | Villager (Male) |
| 6:33 | Build | Mill |
| 6:36 | Create | Villager (Male) |
| 7:22 | Create | Villager (Male) |
| 7:24 | Create | Villager (Male) |
| 7:32 | Build | Mining Camp |
| 8:10 | Build | House |
| 8:13 | Create | Villager (Male) |
| 8:34 | Create | Villager (Male) |
| 9:04 | Research | Feudal Age |
| 9:48 | Build | Barracks |
| 10:09 | Build | House |
| 10:24 | Create | Villager (Male) |
| 10:24 | Create | Villager (Male) |
| 11:14 | Research | Loom |
| 11:24 | Build | Pasture |
| 11:32 | Age | Feudal Age |
| 11:41 | Build | Blacksmith |
| 12:16 | Build | Archery Range |
| 12:22 | Build | Stable |
| 12:32 | Research | Double-Bit Axe |
| 13:00 | Research | Castle Age |
| 13:01 | Research | Castle Age |
| 14:02 | Build | Pasture |
| 14:14 | Create | Villager (Male) |
| 14:14 | Create | Villager (Male) |
| 14:54 | Research | Tech 1014 |
| 15:30 | Create | Villager (Male) |
| 15:40 | Age | Castle Age |
| 15:49 | Build | Town Center |
| 15:53 | Build | Town Center |
| 16:08 | Create | Villager (Male) |
| 16:11 | Research | Bow Saw |
| 16:14 | Research | Tech 1013 |
| 16:32 | Create | Villager (Male) |
| 17:06 | Build | Pasture |
| 17:26 | Create | Villager (Male) |
| 17:27 | Create | Villager (Male) |
| 17:27 | Create | Villager (Male) |
| 17:39 | Create | Villager (Male) |
| 17:47 | Build | Pasture |
| 17:54 | Build | Pasture |
| 18:04 | Create | Villager (Male) |
| 18:25 | Build | Pasture |
| 18:27 | Create | Villager (Male) |
| 18:35 | Build | Pasture |
| 18:39 | Create | Villager (Male) |
| 18:54 | Build | Pasture |
| 18:57 | Create | Villager (Male) |
| 19:04 | Create | Villager (Male) |
| 19:05 | Create | Villager (Male) |
| 19:18 | Create | Villager (Male) |
| 19:32 | Build | Pasture |
| 19:34 | Create | Villager (Male) |
| 19:38 | Create | Villager (Male) |
| 19:42 | Create | Villager (Male) |
| 19:56 | Create | Villager (Male) |
| 20:00 | Build | Town Center |
| 20:09 | Build | House |
| 20:11 | Build | House |
| 20:11 | Build | House |
| 20:12 | Build | House |
| 20:13 | Build | House |
| 20:14 | Build | House |
| 20:21 | Create | Villager (Male) |
| 20:30 | Build | Pasture |
| 20:38 | Create | Villager (Male) |
| 20:40 | Research | Wheelbarrow |
| 20:42 | Create | Villager (Male) |
| 20:46 | Create | Villager (Male) |
| 20:58 | Build | House |
| 21:03 | Create | Villager (Male) |
| 21:13 | Create | Villager (Male) |
| 21:15 | Create | Villager (Male) |
| 21:25 | Build | Pasture |
| 21:30 | Create | Villager (Male) |
| 21:36 | Build | House |
| 21:37 | Build | House |
| 21:41 | Create | Villager (Male) |
| 21:45 | Create | Villager (Male) |
| 21:45 | Create | Villager (Male) |
| 21:45 | Create | Villager (Male) |
| 21:50 | Build | Pasture |
| 21:55 | Build | Pasture |
| 22:04 | Create | Villager (Male) |
| 22:06 | Create | Villager (Male) |
| 22:18 | Create | Villager (Male) |
| 22:21 | Build | Mining Camp |
| 22:23 | Create | Villager (Male) |
| 22:24 | Create | Villager (Male) |
| 22:27 | Research | Gold Mining |
| 22:39 | Build | Pasture |
| 22:42 | Create | Villager (Male) |
| 22:43 | Create | Villager (Male) |
| 22:45 | Create | Villager (Male) |
| 22:47 | Create | Villager (Male) |
| 22:47 | Create | Villager (Male) |
| 22:58 | Build | Monastery |
| 23:03 | Create | Villager (Male) |
| 23:05 | Create | Villager (Male) |
| 23:07 | Create | Villager (Male) |
| 23:10 | Create | Villager (Male) |
| 23:11 | Create | Villager (Male) |
| 23:26 | Build | Pasture |
| 23:34 | Build | Lumber Camp |
| 23:39 | Create | Villager (Male) |
| 23:39 | Create | Villager (Male) |
| 23:41 | Create | Villager (Male) |
| 23:41 | Create | Villager (Male) |
| 23:49 | Create | Villager (Male) |
| 23:50 | Create | Villager (Male) |
| 23:52 | Create | Villager (Male) |
| 23:58 | Build | Pasture |
| 24:04 | Build | University |
| 24:06 | Create | Monk |
| 24:09 | Create | Villager (Male) |
| 24:11 | Create | Villager (Male) |
| 24:13 | Create | Villager (Male) |
| 24:13 | Create | Villager (Male) |
| 24:15 | Create | Villager (Male) |
| 24:19 | Create | Villager (Male) |
Build order — berpite7
First 150 of 174 actions detected
| 0:01 | Create | Villager (Male) |
| 0:03 | Build | House |
| 0:05 | Build | House |
| 0:10 | Create | Villager (Male) |
| 0:10 | Create | Villager (Male) |
| 0:12 | Create | Villager (Male) |
| 1:42 | Create | Villager (Male) |
| 1:47 | Build | Lumber Camp |
| 2:08 | Create | Villager (Male) |
| 2:08 | Create | Villager (Male) |
| 2:16 | Create | Villager (Male) |
| 2:40 | Build | House |
| 2:47 | Create | Villager (Male) |
| 3:06 | Create | Villager (Male) |
| 3:52 | Create | Villager (Male) |
| 4:17 | Create | Villager (Male) |
| 4:47 | Build | Mill |
| 4:53 | Create | Villager (Male) |
| 4:55 | Create | Villager (Male) |
| 5:24 | Create | Villager (Male) |
| 5:50 | Create | Villager (Male) |
| 6:15 | Build | House |
| 6:35 | Create | Villager (Male) |
| 6:39 | Create | Villager (Male) |
| 6:58 | Create | Villager (Male) |
| 7:06 | Build | Mill |
| 7:29 | Create | Villager (Male) |
| 7:37 | Build | Mining Camp |
| 8:06 | Research | Feudal Age |
| 9:17 | Create | Villager (Male) |
| 9:17 | Create | Villager (Male) |
| 10:25 | Age | Feudal Age |
| 10:37 | Build | Market |
| 10:50 | Build | Blacksmith |
| 11:17 | Create | Villager (Male) |
| 11:22 | Build | House |
| 11:54 | Build | Mining Camp |
| 11:59 | Build | House |
| 12:06 | Create | Villager (Male) |
| 12:22 | Create | Villager (Male) |
| 12:58 | Research | Castle Age |
| 13:06 | Research | Stone Mining |
| 13:10 | Research | Double-Bit Axe |
| 13:31 | Build | Farm |
| 14:48 | Build | Farm |
| 14:54 | Build | Farm |
| 15:38 | Age | Castle Age |
| 15:49 | Build | Castle |
| 16:04 | Create | Villager (Male) |
| 16:05 | Create | Villager (Male) |
| 16:25 | Build | Town Center |
| 16:59 | Create | Villager (Male) |
| 17:27 | Build | Farm |
| 17:35 | Build | Farm |
| 17:37 | Build | Farm |
| 17:40 | Build | Farm |
| 17:43 | Build | Farm |
| 17:46 | Build | Farm |
| 17:51 | Build | Farm |
| 17:54 | Build | Farm |
| 17:57 | Build | Farm |
| 18:03 | Build | Farm |
| 18:05 | Create | Villager (Male) |
| 18:36 | Build | Farm |
| 18:40 | Create | Villager (Male) |
| 18:42 | Create | Villager (Male) |
| 19:05 | Create | Villager (Male) |
| 19:14 | Build | House |
| 19:16 | Build | House |
| 19:18 | Build | House |
| 19:28 | Build | Gate |
| 19:38 | Build | Farm |
| 19:41 | Build | Farm |
| 19:42 | Build | Farm |
| 19:44 | Build | Farm |
| 19:46 | Create | Villager (Male) |
| 19:46 | Create | Villager (Male) |
| 19:48 | Create | Villager (Male) |
| 19:48 | Create | Villager (Male) |
| 20:03 | Build | House |
| 20:05 | Build | House |
| 20:18 | Build | Farm |
| 20:33 | Build | Gate |
| 20:39 | Build | House |
| 20:42 | Create | Villager (Male) |
| 20:43 | Create | Villager (Male) |
| 20:43 | Create | Villager (Male) |
| 20:47 | Build | Farm |
| 20:51 | Create | Throwing Axeman |
| 21:04 | Create | Villager (Male) |
| 21:18 | Create | Villager (Male) |
| 21:18 | Create | Villager (Male) |
| 21:18 | Create | Villager (Male) |
| 21:21 | Build | Farm |
| 21:40 | Build | Farm |
| 21:52 | Create | Villager (Male) |
| 22:03 | Create | Villager (Male) |
| 22:06 | Build | Farm |
| 22:19 | Build | Barracks |
| 22:36 | Create | Villager (Male) |
| 22:37 | Create | Villager (Male) |
| 22:52 | Build | Farm |
| 22:54 | Build | Farm |
| 23:09 | Build | Town Center |
| 23:32 | Create | Villager (Male) |
| 23:33 | Create | Villager (Male) |
| 23:34 | Create | Villager (Male) |
| 23:34 | Create | Villager (Male) |
| 23:38 | Research | Scale Barding Armor |
| 23:40 | Research | Forging |
| 23:50 | Research | Gold Mining |
| 24:11 | Create | Villager (Male) |
| 24:11 | Create | Villager (Male) |
| 24:12 | Create | Villager (Male) |
| 25:12 | Build | Castle |
| 25:16 | Create | Villager (Male) |
| 25:16 | Create | Villager (Male) |
| 25:16 | Create | Villager (Male) |
| 25:17 | Create | Villager (Male) |
| 25:17 | Create | Villager (Male) |
| 25:17 | Create | Villager (Male) |
| 25:21 | Create | Villager (Male) |
| 25:41 | Create | Villager (Male) |
| 25:45 | Research | Loom |
| 25:51 | Research | Wheelbarrow |
| 25:57 | Build | Farm |
| 26:09 | Build | Mining Camp |
| 26:51 | Build | Stable |
| 26:57 | Create | Throwing Axeman |
| 27:05 | Build | Farm |
| 27:09 | Build | Farm |
| 27:10 | Create | Villager (Male) |
| 27:10 | Create | Villager (Male) |
| 27:11 | Create | Villager (Male) |
| 27:11 | Create | Villager (Male) |
| 27:11 | Create | Villager (Male) |
| 27:12 | Create | Villager (Male) |
| 27:12 | Create | Villager (Male) |
| 27:12 | Create | Villager (Male) |
| 27:20 | Build | Stable |
| 27:22 | Build | Stable |
| 27:23 | Build | Stable |
| 27:35 | Build | Stable |
| 27:36 | Build | Stable |
| 27:41 | Create | Villager (Male) |
| 27:41 | Create | Villager (Male) |
| 27:42 | Create | Villager (Male) |
| 27:49 | Research | Imperial Age |
| 28:02 | Build | Farm |
| 28:22 | Create | Knight |
Match timeline
| 9:48 | 东方臣 · first_building Barracks |
| 10:03 | Gin · age_up feudal |
| 10:16 | lorenz.pagliari · age_up feudal |
| 10:25 | berpite7 · age_up feudal |
| 11:11 | Tachiwamaru · age_up feudal |
| 11:14 | OracleCal · age_up feudal |
| 11:32 | 东方臣 · age_up feudal |
| 11:39 | FourKings · age_up feudal |
| 12:16 | 东方臣 · first_building Archery Range |
| 12:22 | 东方臣 · first_building Stable |
| 12:34 | SilverWolf · age_up feudal |
| 13:29 | OracleCal · first_building Barracks |
| 15:11 | Tachiwamaru · age_up castle |
| 15:16 | FourKings · age_up castle |
| 15:28 | OracleCal · age_up castle |
| 15:38 | berpite7 · age_up castle |
| 15:40 | 东方臣 · age_up castle |
| 15:43 | Tachiwamaru · first_building Castle |
| 15:44 | OracleCal · first_building Siege Workshop |
| 15:49 | berpite7 · first_building Castle |
| 16:25 | Tachiwamaru · first_building Siege Workshop |
| 16:30 | SilverWolf · age_up castle |
| 16:46 | lorenz.pagliari · age_up castle |
| 16:56 | FourKings · first_market_buy 100 stone |
| 17:22 | Gin · age_up castle |
| 17:23 | SilverWolf · first_building Monastery |
| 17:40 | Tachiwamaru · first_market_buy 100 wood |
| 17:52 | OracleCal · first_market_buy 100 wood |
| 19:09 | Tachiwamaru · first_building Monastery |
| 20:12 | OracleCal · first_building Castle |
| 20:56 | OracleCal · first_building Archery Range |
| 21:01 | FourKings · first_building Monastery |
| 21:25 | Gin · first_building Barracks |
| 21:45 | lorenz.pagliari · first_building Monastery |
| 22:19 | berpite7 · first_building Barracks |
| 22:58 | 东方臣 · first_building Monastery |
| 23:16 | FourKings · first_building Barracks |
| 24:14 | Gin · first_market_buy 100 stone |
| 25:02 | Gin · first_building Castle |
| 25:02 | FourKings · first_building Stable |
| 26:03 | lorenz.pagliari · first_building Barracks |
| 26:12 | FourKings · first_building Castle |
| 26:15 | SilverWolf · first_building Castle |
| 26:22 | OracleCal · first_building Stable |
| 26:51 | berpite7 · first_building Stable |
| 27:15 | lorenz.pagliari · first_building Siege Workshop |
| 28:04 | lorenz.pagliari · first_building Stable |
| 28:17 | SilverWolf · first_building Barracks |
| 28:28 | OracleCal · first_market_sell 100 wood |
| 28:54 | 东方臣 · age_up imperial |
| 29:01 | FourKings · age_up imperial |
| 29:14 | SilverWolf · first_building Stable |
| 29:35 | SilverWolf · wall_segment Stone Wall x13 |
| 29:39 | SilverWolf · wall_segment Stone Wall x5 |
| 29:42 | SilverWolf · wall_segment Stone Wall x4 |
| 29:47 | SilverWolf · wall_segment Stone Wall x4 |
| 29:57 | lorenz.pagliari · first_building Castle |
| 30:00 | Gin · age_up imperial |
| 30:45 | OracleCal · age_up imperial |
| 30:45 | berpite7 · wall_segment Stone Wall x7 |
| 30:59 | berpite7 · age_up imperial |
| 31:04 | Tachiwamaru · first_market_sell 100 food |
| 31:21 | SilverWolf · wall_segment Stone Wall x7 |
| 31:26 | SilverWolf · wall_segment Stone Wall x12 |
| 31:30 | SilverWolf · wall_segment Stone Wall x3 |
| 31:31 | SilverWolf · wall_segment Stone Wall x1 |
| 31:47 | lorenz.pagliari · age_up imperial |
| 31:58 | berpite7 · resign |
| 32:03 | SilverWolf · age_up imperial |
| 33:43 | SilverWolf · wall_segment Stone Wall x1 |
| 33:44 | SilverWolf · wall_segment Stone Wall x1 |
| 33:47 | FourKings · first_market_sell 100 wood |
| 33:51 | Tachiwamaru · age_up imperial |
| 34:58 | OracleCal · wall_segment Palisade Wall x1 |
| 35:46 | SilverWolf · wall_segment Stone Wall x18 |
| 35:49 | SilverWolf · wall_segment Stone Wall x1 |
| 37:04 | Gin · first_building Siege Workshop |
| 38:26 | 东方臣 · first_building Castle |
| 40:16 | FourKings · first_building Archery Range |
| 42:00 | 东方臣 · tribute_sent a jugador 1 |
| 42:00 | 东方臣 · tribute_sent a jugador 2 |
| 42:00 | 东方臣 · tribute_sent a jugador 3 |
| 42:00 | 东方臣 · tribute_sent a jugador 4 |
| 42:00 | 东方臣 · tribute_sent a jugador 5 |
| 42:00 | 东方臣 · tribute_sent a jugador 6 |
| 42:00 | 东方臣 · tribute_sent a jugador 8 |
[ AI ANALYSIS · 1 CREDIT ]
What really happened in this match?
Wolo.gg analyzes every decision: build order, eco, micro, common mistakes by bracket. Personalized analysis on WhatsApp or Discord in 30 seconds.
Civ guide
Saracens
Map guide
Arena
Perfil
Jugador #2851781